 Dungeon Crawl Stone Soup version 0.29.1-15-g9cfb28693d (webtiles) character file.

Game seed: 13355728066825579823

72 croobank the Sneak (level 4, -5/31 HPs)
             Began as an Octopode Delver on Apr 7, 2023.
             Succumbed to a kobold's poison
             ... on level 1 of the Dungeon.
             The game lasted 00:04:07 (2053 turns).

croobank the Sneak (Octopode Delver)                Turns: 2053, Time: 00:04:07

Health: -5/31      AC:  1    Str: 11    XL:     4   Next: 26%
Magic:  4/4        EV: 13    Int: 14    God:
Gold:   67         SH:  0    Dex: 13    Spells: 3/3 levels left

rFire   . . .      SeeInvis .     - Unarmed
rCold   . . .      Faith    .   (no shield)
rNeg    . . .      Spirit   .   (helmet restricted)
rPois   .          Reflect  .   (no amulet)
rElec   .          Harm     .   (no ring)
rCorr   .          Rampage  .   (no ring)
Will    .....                   (no ring)
Stlth   ++++......              (no ring)
HPRegen 0.10/turn               (no ring)
MPRegen 0.09/turn               (no ring)
                                (no ring)
                                (no ring)

@: lethally poisoned (-5 -> -30)
A: almost no armour, amphibious, 8 rings, camouflage 1, gelatinous body 1,
(nimble swimmer 1), tentacles
a: no special abilities


You were on level 1 of the Dungeon.
You visited 1 branch of the dungeon, and saw 5 of its levels.

You collected 67 gold pieces.

Inventory:

Hand Weapons
 f - a +0 dagger
Jewellery
 j - a ring of fire
Wands
 e - a wand of digging (3)
Scrolls
 a - a scroll of fog
 b - a scroll of magic mapping
 g - a scroll of noise {unknown}
 h - a scroll of enchant weapon {unknown}
 i - 3 scrolls of identify {unknown}
 k - a scroll of teleportation {unknown}
Potions
 d - a potion of haste


   Skills:
 + Level 3.5 Fighting
 + Level 2.7 Dodging
 + Level 7.2 Stealth
 + Level 2.7 Unarmed Combat


You had 3 spell levels left.
You didn't know any spells.
Your spell library was empty.

Dungeon Overview and Level Annotations

Branches:
Dungeon (5/15)
 Temple: D:4-7

Altars:


Innate Abilities, Weirdness & Mutations

You cannot wear most types of armour.
You are amphibious.
You can wear up to eight rings at the same time.
Your skin changes colour to match your surroundings (Stealth+).
Your rubbery body absorbs attacks. (AC +1, EV +1)
((You are camouflaged when in or above water. (Stealth+)))
You have tentacles for arms and can constrict up to eight enemies at once.


Message History

The quokka is severely wounded.
The quokka bites you. The hobgoblin hits you.
You tentacle-slap the quokka.
You kill the quokka!
The bat hits you. The hobgoblin misses you.
You barely miss the hobgoblin. You grab the hobgoblin.
You squeeze the hobgoblin.
You kill the hobgoblin!
The bat barely misses you.
You miss the bat. Your grab misses the bat. The bat closely misses you.
The bat hits you but does no damage. x2
You tentacle-slap the bat. Your grab misses the bat.
The bat is heavily wounded.
The bat hits you.
The kobold hits you with a +0 whip of venom.
The bat closely misses you.
You tentacle-slap the bat. Your grab misses the bat.
The bat is severely wounded.
The bat hits you. The kobold misses you.
You are too injured to fight recklessly!
You are too injured to fight recklessly!
You tentacle-slap the kobold but do no damage.
Your grab misses the kobold. Your squeeze misses the kobold. The bat hits you.
The kobold hits you with a +0 whip of venom.
You are lethally poisoned!
The bat hits you but does no damage.
You barely miss the kobold. You grab the kobold.
Your squeeze misses the kobold. You constrict the kobold.
* * * LOW HITPOINT WARNING * * *
You feel very sick. The bat closely misses you.
The kobold hits you with a +0 whip of venom.
* * * LOW HITPOINT WARNING * * *
You are more poisoned.
Okay, then.
Okay, then.
As you read the scroll of fear, it crumbles to dust.
You assume a fearsome visage.
The bat looks frightened!
The kobold looks frightened!
You constrict the kobold.
You die...

..#
##.####.#.####.#
#.# ..# #..#
#...# #.# ..#
#####.## ###.#
#.###.# #.....#
######)#...##
..#####
##...........#
.##
##...#+#....?.#
.# #... +......#
##
#....#+#...(..#
#..b..@......##
#.....K......#
#.............#
##..............
##.....#.....###
#############


You could see a bat (fleeing) and a kobold (fleeing).

Vanquished Creatures
  2 adders (D:2)
  2 worms
  2 dart slugs
  8 ball pythons
  2 endoplasms
  2 giant cockroaches (D:1)
  3 goblins
  5 hobgoblins
  3 jackals
  4 kobolds
  2 quokkas
  A bat (D:1)
  A frilled lizard (D:1)
  5 rats
42 creatures vanquished.

Notes
Turn   | Place    | Note
-------+----------+-------------------------------------------
     0 | D:5      | croobank the Octopode Delver began the quest for the Orb.
     0 | D:5      | Reached XP level 1. HP: 16/16 MP: 1/1
     6 | D:5      | Noticed an ice beast
    11 | D:4      | Noticed a scorpion
    46 | D:3      | Reached XP level 2. HP: 21/21 MP: 2/2
   175 | D:2      | Reached XP level 3. HP: 22/26 MP: 3/3
   498 | D:2      | Reached skill level 7 in Stealth
  1635 | D:1      | Reached XP level 4. HP: 31/31 MP: 4/4
  1709 | D:1      | Found a faded altar of an unknown god.
  1975 | D:1      | You fall into a shaft and drop 1 floor!
  2052 | D:1      | HP: 1/31 [kobold/+0 whip of venom (6)]
  2053 | D:1      | Succumbed to a kobold's poison

Illustrated notes

Levels and vault maps discovered:
D:1:      dpeg_arrival_simpleton_a, layout_rooms,
          shapermc_ecumenical_altar_acropolis, serial_shops,
          nicolae_shop_behind_doors
D:2:      layout_loops_corners, chequers_serial_rivers_micro_d
D:3:      layout_loops_corners, minmay_misc_feat_columns,
          minmay_splitting_lines, eino_curves_01
D:4:      layout_loops_ring, vehumet_altar_wand_db,
          minmay_shop_enchanted_jewellery
D:5:      layout_rooms, minmay_pentangle

Skill      XL: |  1  2  3 |
---------------+----------+-----
Stealth        | 7 |  7.2
Fighting       | |  3.5
Dodging        | |  2.7
Unarmed Combat | |  2.7

Action                   |  1- 3 |  4- 6 || total
-------------------------+-------+-------++-------
Melee: Unarmed           |    68 |    27 ||    95
       Constrict         |    19 |     9 ||    28
       Tentacles         |    13 |     6 ||    19
       Punch             |     3 |     1 ||     4
  Use: Scroll            |       |     1 ||     1
 Stab: Sleeping          |     6 |     4 ||    10
Armor: Skin              |     6 |     4 ||    10
Dodge: Dodged            |    63 |    25 ||    88
